AoeStats
← kirigi_sama

Arabia

509975386Analyzed
1v1 RM · 2d ago on Sep 28, 2026· 60m 42s· 2 players
Game mode
Random Map
Map size
Tiny (2 player)
Population
200
Speed
Normal
Resources
Standard
Victory
Conquest
Starting age
Dark Age
Ending age
Imperial Age
RankedLock teamsTeams togetherTeam positionsShared explorationLock speedFull tech treeHidden civsTurbo modeCheats
Victory
Defeat
🇸🇬 Japanese · Singapore
622
+16
🇦🇷 Mongols · Argentina
622
-16
kirigi_sama
8:34 Loom
10:20 Feudal Age
11:40 Double-Bit Axe
15:38 Bloodlines
16:27 Horse Collar
22:05 Castle Age
21:07 Scale Mail Armor
21:20 Forging
22:28 Pikeman
23:09 Squires
23:48 Iron Casting
23:28 Chain Mail Armor
24:31 Bow Saw
24:27 Heavy Plow
25:45 Fletching
25:57 Padded Archer Armor
26:30 Gold Mining
26:40 Bodkin Arrow
31:25 Elite Skirmisher
35:54 Imperial Age
33:10 Town Watch
35:59 Ballistics
35:45 Stone Mining
36:31 Gold Shaft Mining
36:12 Halberdier
40:33 Blast Furnace
40:04 Plate Mail Armor
39:50 Leather Archer Armor
43:14 Bracer
43:51 Yasama
44:13 Conscription
47:12 Chemistry
49:38 Arson
50:40 Wheelbarrow
53:35 Two-Man Saw
52:42 Gambesons
54:34 Hand Cart
54:57 Man-at-Arms
57:00 Town Patrol
59:14 Long Swordsman
59:57 Elite Samurai
fernando_delgado12
11:14 Feudal Age
12:07 Double-Bit Axe
13:56 Horse Collar
21:23 Castle Age
20:59 Forging
20:51 Padded Archer Armor
20:51 Scale Mail Armor
20:57 Gold Mining
21:01 Stone Mining
23:33 Bow Saw
24:09 Gold Shaft Mining
23:38 Heavy Plow
23:07 Pikeman
26:59 Loom
27:56 Scale Barding Armor
27:43 Fletching
31:19 Imperial Age
31:27 Imperial Age
28:45 Loom
30:03 Thumb Ring
29:20 Elite Skirmisher
29:23 Crossbowman
30:12 Squires
33:21 Wheelbarrow
33:13 Conscription
34:08 Elite Mangudai
35:09 Drill
35:08 Husbandry
35:41 Nomads
37:50 Light Cavalry
38:40 Bloodlines
40:28 Parthian Tactics
40:03 Man-at-Arms
40:37 Heavy Scorpion
41:52 Heavy Cavalry Archer
43:43 Long Swordsman
45:11 Hand Cart
47:44 Iron Casting
47:25 Chain Mail Armor
47:51 Stone Shaft Mining
48:33 Two-Handed Swordsman
49:10 Champion
49:17 Arbalester
49:47 Champion
53:53 Blast Furnace
53:09 Chain Mail Armor
53:14 Chain Barding Armor
53:10 Leather Archer Armor
52:50 Bodkin Arrow
54:30 Hussar
56:44 Chemistry
59:36 Chemistry
58:57 Ballistics
59:05 Guard Tower
Connection lost

Rejoining the realm…

Still unreachable

The connection could not be restored.

Session expired

The server has moved on; the page needs a fresh start.